 Dungeon Crawl Stone Soup version 0.31-a0-198-g2ad674f65e (webtiles) character file.

Game seed: 16955382385695022366

659 qw the Skirmisher (level 7, -2/41 HPs)
             Began as a Deep Elf Hunter on June 25, 2023.
             Was a Follower of Okawaru.
             Slain by a gnoll sergeant
             ... wielding a +0 trident of protection
              (6 damage)
             ... on level 5 of the Dungeon.
             The game lasted 00:01:30 (2901 turns).

qw the Skirmisher (Deep Elf Hunter)                 Turns: 2901, Time: 00:01:30

Health: -2/41      AC: 10    Str: 10    XL:     7   Next: 30%
Magic:  9/10       EV: 17    Int: 14    God:    Okawaru [*.....]
Gold:   242        SH:  0    Dex: 18    Spells: 6/6 levels left

rFire   . . .        Y - +1 shortbow
rCold   . . .        (shield currently unavailable)
rNeg    . . .        i - +0 scale mail
rPois   .            (no helmet)
rElec   .            (no cloak)
rCorr   .            h - +0 pair of gloves
SInv    .            b - +0 pair of boots
Will    .....        (no amulet)
Stlth   ++           e - +5 ring of evasion
HPRegen 0.26/turn    (no ring)
MPRegen 0.12/turn

%: no passive effects
@: about to teleport, heroic
A: no striking features
a: Renounce Religion, Heroism


You were on level 5 of the Dungeon.
You worshipped Okawaru.
Okawaru was aware of your devotion.
You visited 1 branch of the dungeon, and saw 5 of its levels.

You collected 242 gold pieces.


   Skills:
 - Level 3.1(8.1) Fighting
 + Level 9.9(14.9) Ranged Weapons
 - Level 1.3(6.3) Armour
 - Level 3.0(8.0) Dodging
 - Level 1.2(6.2) Stealth
 + Level 2.0 Invocations


You had 6 spell levels left.
You didn't know any spells.
Your spell library was empty.

Inventory:

Hand Weapons
 Y - a +1 shortbow (weapon)
Armour
 b - a +0 pair of boots (worn)
 c - a +4 scale mail
 h - a +0 pair of gloves (worn)
 i - a +0 scale mail (worn)
Jewellery
 e - a +5 ring of evasion (left hand)
Scrolls
 a - a scroll of teleportation
 g - 2 scrolls of identify
Potions
 d - 2 potions of curing
 f - a potion of resistance {unknown}

Dungeon Overview and Level Annotations

Branches:
Dungeon (5/15)
 Temple: D:4-7

Altars:
Okawaru
Sif Muna
Trog
Vehumet


Message History

The gnoll completely misses you. The gnoll misses you.
The gnoll sergeant completely misses you.
You shoot an arrow. The arrow hits the gnoll!
You kill the gnoll!
Okawaru accepts your kill. The gnoll closely misses you.
The gnoll sergeant closely misses you.
You shoot an arrow.
The arrow hits the gnoll sergeant but does no damage.
The gnoll barely misses you. The gnoll sergeant barely misses you.
You shoot an arrow.
The arrow hits the gnoll sergeant but does no damage.
The gnoll closely misses you.
The gnoll sergeant hits you but does no damage.
You shoot an arrow. The arrow hits the gnoll.
The gnoll is heavily wounded.
The gnoll barely misses you. The gnoll misses you.
The gnoll sergeant hits you from afar with a +0 trident of protection!
You shoot an arrow. The arrow hits the gnoll.
The gnoll is severely wounded.
The gnoll misses you. x2
The gnoll sergeant hits you from afar with a +0 trident of protection.
You shoot an arrow.
The arrow hits the gnoll but does no damage.
The gnoll is severely wounded.
The gnoll closely misses you. The gnoll barely misses you.
The gnoll sergeant hits you from afar with a +0 trident of protection!
You shoot an arrow. The arrow hits the gnoll!
You kill the gnoll!
Okawaru accepts your kill. The gnoll hits you but does no damage.
The gnoll sergeant misses you.
Your Invocations skill increases to level 2!
You shoot an arrow. The gnoll sergeant blocks the arrow.
The gnoll closely misses you.
The gnoll sergeant hits you from afar with a +0 trident of protection!
2901 ||| READING 2 scrolls of teleportation.
As you read the scroll of teleportation, it crumbles to dust.
You feel strangely unstable. The gnoll hits you but does no damage.
The gnoll sergeant hits you from afar with a +0 trident of protection.
You die...

#### #####
#.........
..
#.g#...#..
...
#_.)g.....
... #.@#
...
#.$.......
...
##########
## #. #.
#. ####.
.....
~~...


You could see a gnoll sergeant and a gnoll.

Vanquished Creatures
  Eustachio (D:4)
  A phantom (D:4)
  A scorpion (D:5)
  2 hounds (D:5)
  Terence (D:2)
  An iguana (D:5)
  An orc wizard (D:5)
  9 adders
  5 gnolls
  6 worms
  4 dart slugs
  15 orcs
  5 endoplasms
  11 goblins
  4 hobgoblins
  2 jackals (D:2)
  2 kobolds (D:2)
  4 quokkas
  4 ball pythons
  4 bats
  6 frilled lizards
  4 rats
93 creatures vanquished.

Notes
Turn   | Place    | Note
-------+----------+-------------------------------------------
     0 | D:1      | qw the Deep Elf Hunter began the quest for the Orb.
     0 | D:1      | Reached XP level 1. HP: 12/12 MP: 3/3
     0 | D:1      | 0 ||| qw: Version: 0.3-a-22-g0ed2b0b
     0 | D:1      | 0 ||| qw: Game counter: 5210
     0 | D:1      | 0 ||| qw: Melee chars always use a shield: true
     0 | D:1      | 0 ||| qw: God list: Okawaru
     0 | D:1      | 0 ||| qw: Allow faded altars: false
     0 | D:1      | 0 ||| qw: Do Orc after clearing Dungeon:15 true
     0 | D:1      | 0 ||| qw: Do second Lair branch before Depths: true
     0 | D:1      | 0 ||| qw: Lair rune preference: random
     0 | D:1      | 0 ||| qw: Goals: Normal
     0 | D:1      | 0 ||| PLANNING D:1-11
     2 | D:1      | Noticed an octopode
     2 | D:1      | Noticed a naga
     4 | D:1      | Noticed a merfolk
     4 | D:1      | Noticed a demigod
     6 | D:1      | Noticed an armataur
     6 | D:1      | Noticed a minotaur
     8 | D:1      | Noticed an ogre
     8 | D:1      | Noticed a tengu
    10 | D:1      | Noticed a spriggan
    12 | D:1      | Noticed a ghoul
    12 | D:1      | Noticed an elf
    14 | D:1      | Noticed a gargoyle
    14 | D:1      | Noticed a draconian
    16 | D:1      | Noticed a human
    16 | D:1      | Noticed a troll
    20 | D:1      | Noticed a vine stalker
    20 | D:1      | Noticed a formicid
    22 | D:1      | Noticed a demonspawn
    22 | D:1      | Noticed a felid
    24 | D:1      | Noticed an octopode
    24 | D:1      | Noticed a meteoran
    26 | D:1      | Noticed a demigod
    26 | D:1      | Noticed a ghoul
    60 | D:1      | 60 ||| FLEEEEING.
    61 | D:1      | 61 ||| FLEEEEING.
    62 | D:1      | 62 ||| FLEEEEING.
   157 | D:1      | Reached skill level 6 in Ranged Weapons
   157 | D:1      | Reached XP level 2. HP: 16/16 MP: 4/4
   548 | D:1      | 548 ||| UPGRADING to +5 ring of evasion.
   549 | D:1      | 549 ||| READING scroll labelled OXIWUPHYACW.
   550 | D:1      | 550 ||| READING scroll labelled XOYFIR UCSOTEB.
   551 | D:1      | 551 ||| DRINKING 3 viscous red potions.
   552 | D:1      | 552 ||| DROPPING scroll of butterflies.
   652 | D:2      | Noticed Terence
   657 | D:2      | Reached XP level 3. HP: 14/20 MP: 5/5
   665 | D:2      | HP: 3/20 [Terence/+0 falchion (4)]
   666 | D:2      | Killed Terence
   667 | D:2      | Reached skill level 7 in Ranged Weapons
   724 | D:2      | 724 ||| FLEEEEING.
   829 | D:2      | Found an iron altar of Okawaru.
   830 | D:2      | 830 ||| PLANNING OKAWARU WORSHIP
   830 | D:2      | 830 ||| READING scroll labelled XUPURGHOHOE.
   834 | D:2      | 834 ||| READING scroll labelled PYASKORILO.
   871 | D:2      | Became a worshipper of Warmaster Okawaru
   872 | D:2      | 872 ||| PLANNING D:1-11
   923 | D:2      | Reached XP level 4. HP: 25/25 MP: 6/6
  1003 | D:2      | Reached skill level 8 in Ranged Weapons
  1132 | D:2      | You fall into a shaft and drop 2 floors!
  1133 | D:4      | 1133 ||| UPGRADING to +0 pair of boots.
  1141 | D:4      | 1141 ||| FLEEEEING.
  1142 | D:4      | 1142 ||| FLEEEEING.
  1143 | D:4      | 1143 ||| FLEEEEING.
  1144 | D:4      | 1144 ||| STAIRDANCE
  1159 | D:3      | Reached XP level 5. HP: 29/29 MP: 7/7
  1638 | D:2      | 1638 ||| UPGRADING to +0 pair of gloves.
  1687 | D:3      | 1687 ||| STAIRDANCE
  1921 | D:3      | Found a shimmering blue altar of Sif Muna.
  1975 | D:3      | 1975 ||| READING scroll labelled NIRACW ZUNUXIR.
  2031 | D:4      | Reached skill level 9 in Ranged Weapons
  2269 | D:4      | Reached skill level 3 in Dodging
  2309 | D:4      | Noticed Eustachio
  2323 | D:4      | Killed Eustachio
  2324 | D:4      | Reached skill level 3 in Fighting
  2324 | D:4      | Reached XP level 6. HP: 22/37 MP: 8/8
  2448 | D:4      | Found a bloodstained altar of Trog.
  2455 | D:4      | Reached * piety under Okawaru
  2501 | D:4      | 2501 ||| UPGRADING to +0 scale mail.
  2511 | D:4      | 2511 ||| DROPPING +0 leather armour.
  2512 | D:4      | 2512 ||| DRINKING 2 fizzy grey potions.
  2536 | D:5      | Entered Level 5 of the Dungeon
  2547 | D:5      | 2547 ||| INVOKING Heroism.
  2554 | D:5      | Reached skill level 1 in Armour
  2554 | D:5      | Reached XP level 7. HP: 23/41 MP: 6/9
  2593 | D:5      | 2593 ||| FLEEEEING.
  2594 | D:5      | 2594 ||| STAIRDANCE
  2623 | D:5      | 2623 ||| STAIRDANCE
  2625 | D:4      | 2625 ||| INVOKING Heroism.
  2822 | D:5      | Reached skill level 1 in Invocations
  2851 | D:5      | 2851 ||| Stepping ~*~*~tactically~*~*~ (outnumbered).
  2862 | D:5      | 2862 ||| Stepping randomly (disturbance).
  2884 | D:5      | HP: 9/41 [something/puff of flame (8)]
  2887 | D:5      | 2887 ||| READING 3 scrolls of teleportation.
  2887 | D:5      | HP: 3/41 [orc wizard/+0 dagger (2)]
  2888 | D:5      | 2888 ||| DRINKING potion of heal wounds.
  2889 | D:5      | 2889 ||| INVOKING Heroism.
  2890 | D:5      | Found a radiant altar of Vehumet.
  2900 | D:5      | HP: 3/41 [gnoll sergeant/+0 trident of protection (11)]
  2901 | D:5      | 2901 ||| READING 2 scrolls of teleportation.
  2901 | D:5      | Slain by a gnoll sergeant

Levels and vault maps discovered:
D:1:      kb_arrival_jail, layout_loops_ring
D:2:      layout_basic, basic_altar, uniq_terence
D:3:      layout_rooms, lemuel_tele_altar, minmay_strange_pillars
D:4:      layout_rooms, kennysheep_little_box, uniq_eustachio
D:5:      layout_gridville, lemuel_coloured_pillars_altar, temple_pool_b

Skill      XL: |  1  2  3  4  5  6  7 |
---------------+----------------------+-----
Ranged Weapons | 6 7 8 9 |  9.9
Dodging        | 3 |  3.0
Fighting       | 3 |  3.1
Armour         | 1 |  1.3
Invocations    | 2 |  2.0
Stealth        | |  1.2

Action                     |  1- 3 |  4- 6 |  7- 9 || total
---------------------------+-------+-------+-------++-------
   Fire: Shortbow          |    76 |   196 |    74 ||   346
 Invoke: Heroism           |       |     1 |     2 ||     3
    Use: Scroll            |     4 |     1 |     2 ||     7
         Potion            |     1 |     1 |     1 ||     3
 Armour: Leather armour    |     3 |    12 |       ||    15
         Scale mail        |       |     9 |    18 ||    27
  Dodge: Dodged            |    20 |    76 |    38 ||   134

Table legend:
 A = Non-vault XP
 B = Vault XP
 C = Vault XP percentage of total XP
 D = Non-vault monster count
 E = Vault monster count
 F = Vault count percentage of total count
                 A         B        C        D         E       F
            +---------+---------+-------+---------+---------+-------
      Total |     698 |     244 |  25.9 |      91 |       2 |   2.2
            +---------+---------+-------+---------+---------+-------
        D:1 |      34 |       0 |   0.0 |      18 |       0 |   0.0
        D:2 |     103 |      36 |  25.9 |      23 |       1 |   4.2
        D:3 |      86 |       0 |   0.0 |      16 |       0 |   0.0
        D:4 |     179 |     208 |  53.7 |      21 |       1 |   4.5
        D:5 |     296 |       0 |   0.0 |      13 |       0 |   0.0
            +---------+---------+-------+---------+---------+-------
